 Dungeon Crawl Stone Soup version 0.18.1-48-g4cf74bf (webtiles) character file.

3857 Siriah the Nimble (level 10, -97/59 HPs)
             Began as a Tengu Wanderer on July 15, 2016.
             Was an Elder of Nemelex Xobeh.
             Engulfed by a cloud of thunder (109 damage)
             ... on level 8 of the Dungeon.
             The game lasted 00:28:03 (7982 turns).

Siriah the Nimble (Tengu Wanderer)                  Turns: 7982, Time: 00:28:04

Health: -97/59     AC: 10    Str: 12    XL:     10   Next: 18%
Magic:  13/13      EV: 29    Int: 14    God:    Nemelex Xobeh [****..]
Gold:   282        SH:  0    Dex: 18    Spells: 0 memorised, 9 levels left

rFire  . . .     SeeInvis +     E - +10 long sword of Zojaont {freeze, rC+ SInv}
rCold  + + .     Gourm    .     e - +1 robe {rC+}
rNeg   . . .     Faith    .     (no shield)
rPois  .         Spirit   .     (helmet restricted)
rElec  .         Dismiss  .     T - +0 cloak
rCorr  .         Reflect  .     y - +0 pair of gloves
SustAt .         Harm     .     (boots unavailable)
MR     .....                    (no amulet)
Stlth  +++.......               U - +6 ring of evasion
                                z - +2 ring of slaying

@: flying quickly and evasively, slowed, very slow, not resistant to hostile
enchantments, fairly stealthy
A: beak, talons 3, iridescent scales 1, agile 1, no device heal 1, able to fly 1
a: Triple Draw, Deal Four, Renounce Religion


You were on level 8 of the Dungeon.
You worshipped Nemelex Xobeh.
Nemelex Xobeh was greatly pleased with you.
You were hungry.

You visited 2 branches of the dungeon, and saw 9 of its levels.

You collected 282 gold pieces.

Inventory:

Hand Weapons
 E - the +10 long sword of Zojaont (weapon) {freeze, rC+ SInv}
   (You found it on level 5 of the Dungeon)

   It has been specially enchanted to freeze those struck by it, causing extra
   injury to most foes and up to half again as much damage against particularly
   susceptible opponents.
   It can also slow down cold-blooded creatures.
   It protects you from cold.
   It lets you see invisible.
Missiles
 Q - a throwing net (quivered)
Armour
 e - a +1 robe of cold resistance (worn)
 y - a +0 pair of gloves (worn)
 T - a +0 cloak (worn)
Jewellery
 b - a +2 ring of evasion
 z - a +2 ring of slaying (left hand)
 B - an uncursed ring of ice
 M - a cursed -2 ring of evasion
 U - a +6 ring of evasion (right hand)
Wands
 n - a wand of lightning (0/15)
 A - a wand of slowing (29/48)
 K - a wand of random effects (16/48)
 S - a wand of paralysis (17/24)
Scrolls
 c - 3 scrolls of teleportation
 g - 5 scrolls of remove curse
 i - 2 scrolls of immolation {unknown}
 l - 5 scrolls of recharging {unknown}
 s - 12 scrolls of identify {unknown}
 F - a scroll of magic mapping {unknown}
 L - 2 scrolls of noise {unknown}
 O - a scroll of enchant armour {unknown}
 P - a scroll of silence {unknown}
Potions
 a - a potion of agility {unknown}
 f - a potion of mutation
 h - a potion of brilliance {unknown}
 k - a potion of lignification
 o - 5 potions of curing
 r - 2 potions of flight
 t - a potion of cancellation {unknown}
 v - a potion of magic {unknown}
 w - 4 potions of might
 x - a potion of invisibility {unknown}
 N - a potion of ambrosia {unknown}
Miscellaneous
 p - a plain deck of escape {drawn: 4}
 u - a plain deck of defence {drawn: 5}
 C - a legendary deck of escape {drawn: 4}
 H - a plain deck of destruction {drawn: 3}
 I - an ornate deck of escape
Comestibles
 d - 9 bread rations
 j - 4 beef jerkies
 m - 2 royal jellies
 D - 8 fruits
 J - 2 meat rations
 R - 7 slices of pizza


   Skills:
 + Level 5.4 Fighting
 + Level 6.0 Long Blades
   Level 7.6 Maces & Flails
 + Level 5.9 Armour
 + Level 8.1 Dodging
 + Level 5.0 Stealth
   Level 2.0 Shields
 + Level 3.9 Evocations


You had 9 spell levels left.
You didn't know any spells.

Dungeon Overview and Level Annotations

Branches:
Dungeon (8/15)             Temple (1/1) D:6
   Lair: D:8-11

Altars:
Ashenzari
Cheibriados
Dithmenos
Fedhas
Kikubaaqudgha
Makhleb
Nemelex Xobeh
Okawaru
Pakellas
Qazlal
Ru
Sif Muna
Trog
Yredelemnul
Zin
The Shining One

Shops:
D:7 }:

Annotations:
D:8 Gastronok


Innate Abilities, Weirdness & Mutations

You have a beak for a mouth.
You have claws for feet.
You can fly.
You are partially covered in iridescent scales (AC +4).
You are agile. (Dex +2)
Potions and wands are less effective at restoring your health.


Message History

Gastronok casts a spell at you.
You feel yourself slow down.
You swap places.
Your air elemental hits Gastronok!
Your air elemental hits Gastronok.
Drink which item? (? for menu, Esc to quit)
You feel better.
Your air elemental hits Gastronok.
Your air elemental hits Gastronok!
Your air elemental hits Gastronok.
Gastronok bites your air elemental.
Really fly into that cloud of thunder?
You are standing in a thunderstorm.
Your air elemental completely misses Gastronok.
Your air elemental hits Gastronok but does no damage.
Your air elemental hits Gastronok! x2; Gastronok bites your air elemental!!
Lightning arcs down from a storm cloud!
You see here an orc corpse.
Really fly into that cloud of thunder?
You are standing in a thunderstorm.
You are struck by lightning!
Ouch! That really hurt!
You die...
Your body disappears without a glow.

.######.####..# #<# #.#
..............# #.# #.####
.÷###.#..###[.# #w# #..... ..#
#.#..# #.## #E# ###### ..# #.#..#
#.# #.# ..###.#..# #.# #.########
.........# #.# #.##.....########
#.###....###.####†#..###.........
#.###...........@§§..# #.########
........)###.......#.###.#
.........# #..####.#.....#
#.....>..# #.[# #.###.### ###
#........###..# #.# #.# ######..
#.............# #.# #.# #.......
........####### #.# #.# #.####.#
........# #.# #.# #.# #.#
........# #.###.###.# #.#


You could see Gastronok and a friendly air elemental.

Vanquished Creatures
  Prince Ribbit (D:8)
  A yak (D:7)
  A human (D:7)
  A hungry ghost (D:8)
  A water moccasin (D:7)
  3 orc warriors (D:7)
  A sky beast (D:7)
  An ice beast (D:5)
  4 ogres
  3 centaurs
  A big kobold (D:7)
  4 giant frogs
  4 scorpions
  5 wights (D:7)
  A howler monkey (D:6)
  A crimson imp (D:7)
  3 jellies
  A hound (D:7)
  A gnoll shaman (D:7)
  3 orc priests
  2 centaur skeletons (D:5)
  7 orc wizards
  3 iguanas
  4 worker ants
  A killer bee zombie (D:6)
  3 sheep (D:7)
  A hound skeleton (D:6)
  9 gnolls
  9 adders
  A shadow imp (D:6)
  A white imp (D:4)
  An ooze (D:1)
  An adder zombie (D:6)
  2 worms (D:2)
  2 dart slugs (D:1)
  A giant gecko (D:4)
  16 orcs
  4 bats
  2 giant cockroaches
  9 goblins
  5 hobgoblins
  8 jackals
  5 quokkas
  A ball python (D:1)
  A giant gecko skeleton (D:4)
  A giant gecko zombie (D:6)
  3 giant newts
  2 goblin zombies (D:4)
  A hobgoblin zombie (D:4)
  A jackal skeleton (D:7)
  6 kobolds
  A kobold skeleton (D:4)
  A kobold zombie (D:4)
  An orc skeleton (D:4)
  7 rats
  6 fungi
  2 plants (D:7)
172 creatures vanquished.

Vanquished Creatures (collateral kills)
  The ghost of Aquadorian the Stinger, an amateur DsVM of Cheibriados (D:5)
  An orc warrior (D:6)
  2 ogres
  A crimson imp (D:5)
  An orc wizard (D:6)
  2 gnoll shamans (D:7)
  A gnoll (D:7)
  An adder (D:5)
  An ooze (D:5)
  An orc (D:8)
12 creatures vanquished.

Vanquished Creatures (others)
  5 plants (D:7)
5 creatures vanquished.

Grand Total: 189 creatures vanquished

Notes
Turn   | Place    | Note
--------------------------------------------------------------
     0 | D:1      | Siriah the Tengu Wanderer began the quest for the Orb.
     0 | D:1      | Siriah set off with: a +2 mace, a +0 ring mail, a scroll of teleportation, a bread ration
     0 | D:1      | Reached XP level 1. HP: 12/12 MP: 2/2
    46 | D:1      | Reached XP level 2. HP: 16/16 MP: 3/3
   359 | D:1      | Reached XP level 3. HP: 12/20 MP: 4/4
   735 | D:2      | You fall through a shaft!
   772 | D:3      | Found a faded altar to an unknown god.
   782 | D:3      | Became a worshipper of Nemelex Xobeh the Trickster
   782 | D:3      | Received a gift from Nemelex Xobeh
   782 | D:3      | Reached * piety under Nemelex Xobeh
   782 | D:3      | Received a gift from Nemelex Xobeh
  1062 | D:2      | Reached XP level 4. HP: 18/25 MP: 5/5
  1191 | D:2      | Noticed Crazy Yiuf
  1729 | D:3      | Found a sparkling altar of Nemelex Xobeh.
  1945 | D:3      | Found an ancient bone altar of Kikubaaqudgha.
  2135 | D:4      | Noticed an ogre
  2141 | D:4      | Killed an ogre
  2141 | D:4      | Reached skill level 1 in Dodging
  2141 | D:4      | Gained mutation: You can fly. [Tengu growth]
  2141 | D:4      | Reached XP level 5. HP: 29/29 MP: 6/6
  2188 | D:4      | Reached ** piety under Nemelex Xobeh
  2260 | D:4      | Reached skill level 2 in Dodging
  2485 | D:4      | Found a glowing golden altar of the Shining One.
  3024 | D:5      | Entered Level 5 of the Dungeon
  3030 | D:5      | Found a sacrificial altar of Ru.
  3039 | D:5      | Reached XP level 6. HP: 27/35 MP: 7/7
  3087 | D:5      | Noticed Aquadorian's ghost (amateur DsVM)
  3098 | D:5      | Gained mutation: You are partially covered in iridescent scales (AC +4). [potion of mutation]
  3098 | D:5      | Gained mutation: You are agile. (Dex +2) [potion of mutation]
  3098 | D:5      | Gained mutation: Potions and wands are less effective at restoring your health. [potion of mutation]
  3294 | D:5      | Found a basalt altar of Yredelemnul.
  3350 | D:5      | Killed Aquadorian's ghost
  3350 | D:5      | Reached skill level 3 in Dodging
  3445 | D:5      | Noticed an ice beast
  3454 | D:5      | Killed an ice beast
  3454 | D:5      | Reached XP level 7. HP: 35/40 MP: 8/8
  3675 | D:5      | Reached skill level 1 in Evocations
  3810 | D:5      | Found a blossoming altar of Fedhas.
  3812 | D:5      | Received a gift from Nemelex Xobeh
  3921 | D:5      | Got a crude long sword
  3922 | D:5      | Identified the +10 long sword of Zojaont {freeze, rC+ SInv} (You found it on level 5 of the Dungeon)
  3960 | D:6      | Reached skill level 5 in Armour
  3967 | D:6      | Reached skill level 4 in Dodging
  3981 | D:6      | Reached XP level 8. HP: 34/46 MP: 10/10
  4046 | D:6      | Reached *** piety under Nemelex Xobeh
  4061 | D:6      | Found a shadowy altar of Dithmenos.
  4079 | D:6      | Reached skill level 1 in Stealth
  4204 | D:6      | Received a gift from Nemelex Xobeh
  4306 | D:6      | Reached skill level 1 in Long Blades
  4362 | D:6      | Reached skill level 5 in Dodging
  4389 | D:6      | Found a staircase to the Ecumenical Temple.
  4415 | Temple   | Entered the Ecumenical Temple
  4419 | Temple   | Received a gift from Nemelex Xobeh
  4421 | Temple   | Reached **** piety under Nemelex Xobeh
  4918 | D:6      | Received a gift from Nemelex Xobeh
  5485 | D:7      | Reached XP level 9. HP: 22/51 MP: 11/11
  5706 | D:7      | Reached skill level 6 in Dodging
  5749 | D:7      | Found an oddly glowing altar of Pakellas.
  5749 | D:7      | Found Pakellas's Prime Provisions.
  5793 | D:7      | Found Zoopimub's Book Shop.
  6124 | D:7      | Reached skill level 7 in Dodging
  6528 | D:7      | Reached skill level 5 in Long Blades
  6739 | D:7      | Noticed Menkaure
  7044 | D:7      | Reached XP level 10. HP: 58/58 MP: 13/13
  7553 | D:8      | Reached skill level 5 in Fighting
  7553 | D:8      | Reached skill level 5 in Stealth
  7562 | D:8      | Noticed Prince Ribbit
  7569 | D:8      | Killed Prince Ribbit
  7569 | D:8      | Reached skill level 8 in Dodging
  7761 | D:8      | Noticed Gastronok
  7982 | D:8      | Engulfed by a cloud of thunder

Skill      XL: |  1  2  3  4  5  6  7  8  9 10 |
---------------+-------------------------------+-----
Maces & Flails | 6 7 |  7.6
Armour         | 3 4 5 |  5.9
Dodging        | 1 2 3 4 5 7 8 |  8.1
Fighting       | 2 3 4 5 |  5.4
Evocations     | 2 3 |  3.9
Stealth        | 2 4 5 |  5.0
Long Blades    | 3 5 6 |  6.0
Shields        | |  2.0

Action                   |  1- 3 |  4- 6 |  7- 9 | 10-12 || total
-------------------------+-------+-------+-------+-------++-------
Melee: Mace              |    76 |   113 |    27 |       ||   216
       Kick              |    18 |    23 |    54 |    15 ||   110
       Peck              |     8 |    15 |    44 |     9 ||    76
       Long sword        |       |       |   174 |    55 ||   229
 Abil: Fly               |       |       |     1 |       ||     1
Evoke: Deck              |       |    11 |    16 |     8 ||    35
       Wand              |       |     2 |     4 |       ||     6
  Use: Potion            |       |     3 |     2 |     2 ||     7
       Scroll            |       |       |     1 |       ||     1
 Stab: Sleeping          |       |       |     3 |     2 ||     5
       Distracted        |       |       |     1 |       ||     1
  Eat: Chunk             |     1 |     7 |    12 |     2 ||    22
Armor: Ring mail         |    41 |    36 |    20 |       ||    97
       Robe              |       |       |    22 |     9 ||    31
       Skin              |       |       |     9 |       ||     9
Dodge: Dodged            |    33 |    55 |   153 |    26 ||   267
